 Dungeon Sprint DCSS version 0.22-a0-874-g9cf2c4c (webtiles) character file.

749 Brynnhild the Carver (level 7, 58/67 HPs)
             Began as a White Draconian Monk on July 28, 2018.
             Was an Elder of Cheibriados.
             Quit the game in the Dungeon (Sprint IX: "|||||||||||||||||||||||||||||").
             The game lasted 00:01:10 (280 turns).

Brynnhild the Carver (White Draconian Monk)          Turns: 280, Time: 00:01:10

Health: 58/67      AC:  8    Str: 23    XL:     7   Next: 48%
Magic:  11/11      EV: 20    Int: 22    God:    Cheibriados [****..]
Gold:   0          SH:  0    Dex: 24    Spells: 6/6 levels left

rFire    . . .     SeeInvis .   m - +2 scimitar (distort)
rCold    + . .     Gourm    .   (no shield)
rNeg     . . .     Faith    .   (armour unavailable)
rPois    .         Spirit   .   (helmet restricted)
rElec    .         Reflect  .   l - +0 cloak
rCorr    .         Harm     .   n - +0 pair of gloves
MR       .....     NoTele   +   (no boots)
Stlth    ++........             (no amulet)
HPRegen  0.21/turn              p - +3 ring of intelligence
MPRegen  0.12/turn              o - +2 ring of evasion

@: very slow
A: breathe frost, unfitting armour, cold resistance 1, cold-blooded, AC +6
a: Breathe Frost, Bend Time, Temporal Distortion, Slouch, Renounce Religion


You were in the Dungeon.
You worshipped Cheibriados.
Cheibriados was greatly pleased with you.
You were not hungry.

You visited 1 branch

Inventory:

Hand Weapons
 a - a +0 falchion
 m - a +2 scimitar of distortion (weapon)
Armour
 l - a +0 cloak (worn)
 n - a +0 pair of gloves (worn)
Jewellery
 o - a +2 ring of evasion (right hand)
 p - a +3 ring of intelligence (left hand)
Wands
 k - a wand of iceblast (10)
Scrolls
 h - 2 scrolls of blinking
 i - 3 scrolls of remove curse
 j - 2 scrolls of amnesia
Potions
 c - 5 potions of curing
 d - 3 potions of heal wounds
 e - a potion of haste
 f - 4 potions of magic
 g - a potion of invisibility
Comestibles
 b - a ration


   Skills:
 + Level 7.8 Fighting
 + Level 12.6 Long Blades
 + Level 6.4 Dodging
 - Level 1.7 Stealth
 * Level 6.2 Invocations


You had 6 spell levels left.
You didn't know any spells.
Your spell library was empty.

Dungeon Overview and Level Annotations

Branches:
Dungeon (1/1)

Altars:
Cheibriados
Dithmenos
Elyvilon
Fedhas
Gozag
Hepliaklqana
Kikubaaqudgha
Makhleb
Nemelex Xobeh
Okawaru
Qazlal
Ru
Sif Muna
Trog
Uskayaw
Vehumet
Wu Jian
Xom
Yredelemnul
Zin
The Shining One
Beogh
Jiyva
Lugonu


Innate Abilities, Weirdness & Mutations

You can breathe waves of freezing cold.
You can buffet flying creatures when you breathe cold.
Your icy white scales are hard. (AC +6)
You cannot fit into any form of body armour.
Your flesh is cold resistant. (rC+)
You are cold-blooded and may be slowed by cold attacks.


Message History

a worker ant corpse; a scorpion corpse The phantom hits you.
The phantom blinks!
There is an open door to the Dungeon here.
The phantom blinks!
The phantom barely misses you.
You riposte.
You hit the phantom. You tail-slap the phantom.
The phantom is moderately damaged.
The phantom blinks!
There is an open door to the Dungeon here.
You closely miss the phantom.
You tail-slap the phantom, but do no damage.
The phantom is moderately damaged.
The phantom hits you but does no damage.
You slash the phantom!
Space warps horribly around the phantom!
You destroy the phantom!
Cheibriados appreciates the change of pace.
Your Invocations skill increases to level 6!
Things that are here:
a worker ant corpse; a scorpion corpse Are you sure you want to abandon this character and quit the game? (Confirm with "yes".) ▓▓▓▓▓▓▓▓▓▓▓▓▓▓▓▓▓▓▓▓▓▓▓▓▓▓▓ +....))'..@..†'..[..)|..'__ ▓▓▓▓▓▓▓▓▓▓▓▓▓▓▓▓▓▓▓▓▓▓▓▓▓▓▓

There were no monsters in sight!

Vanquished Creatures
  An ice beast (D)
  A phantom (D)
  A bullfrog (D)
  A scorpion (D)
  A crimson imp (D)
  A hound (D)
  An orc wizard (D)
  A worker ant (D)
  An adder zombie (D)
  3 dart slugs (D)
  An orc (D)
  A ball python (D)
  A bat zombie (D)
  A jackal (D)
  A frilled lizard (D)
17 creatures vanquished.

Vanquished Creatures (others)
  A two-headed ogre (D)
  A spatial maelstrom (D)
2 creatures vanquished.

Grand Total: 19 creatures vanquished

Notes
Turn   | Place    | Note
-------+----------+-------------------------------------------
     0 | D        | Brynnhild the Draconian Monk began the quest for the Orb.
     0 | D        | Reached XP level 1. HP: 19/19 MP: 1/1
     9 | D        | Reached skill level 4 in Long Blades
    10 | D        | Banished a spatial maelstrom
    19 | D        | Reached skill level 5 in Long Blades
    19 | D        | Reached XP level 2. HP: 26/26 MP: 2/2
   126 | D        | Noticed a crimson imp
   126 | D        | Noticed an ice beast
   131 | D        | Killed an ice beast
   131 | D        | Reached skill level 9 in Long Blades
   131 | D        | Reached XP level 3. HP: 31/31 MP: 3/3
   131 | D        | Reached XP level 4. HP: 38/38 MP: 4/4
   132 | D        | Reached skill level 10 in Long Blades
   133 | D        | Reached XP level 5. HP: 45/45 MP: 5/5
   146 | D        | Found a roughly hewn altar of Beogh.
   146 | D        | Found a snail-covered altar of Cheibriados.
   146 | D        | Found a shadowy altar of Dithmenos.
   146 | D        | Found a white marble altar of Elyvilon.
   146 | D        | Found a blossoming altar of Fedhas.
   146 | D        | Found an opulent altar of Gozag.
   147 | D        | Found a hazy altar of Hepliaklqana.
   148 | D        | Found a viscous altar of Jiyva.
   149 | D        | Found an ancient bone altar of Kikubaaqudgha.
   150 | D        | Became a worshipper of Cheibriados the Contemplative
   150 | D        | Reached * piety under Cheibriados
   150 | D        | Reached ** piety under Cheibriados
   151 | D        | Found a corrupted altar of Lugonu.
   152 | D        | Found a burning altar of Makhleb.
   153 | D        | Found a sparkling altar of Nemelex Xobeh.
   154 | D        | Found an iron altar of Okawaru.
   155 | D        | Found a stormy altar of Qazlal.
   156 | D        | Found a sacrificial altar of Ru.
   157 | D        | Found a deep blue altar of Sif Muna.
   158 | D        | Found a bloodstained altar of Trog.
   159 | D        | Found a hide-covered altar of Uskayaw.
   160 | D        | Found a radiant altar of Vehumet.
   161 | D        | Found an ornate altar of the Wu Jian Council.
   162 | D        | Found a shimmering altar of Xom.
   163 | D        | Found a basalt altar of Yredelemnul.
   164 | D        | Found a glowing silver altar of Zin.
   165 | D        | Found a glowing golden altar of the Shining One.
   207 | D        | Noticed a hippogriff
   207 | D        | Noticed a black bear
   213 | D        | Reached skill level 5 in Fighting
   213 | D        | Reached skill level 11 in Long Blades
   214 | D        | Reached XP level 6. HP: 56/56 MP: 5/8
   220 | D        | Reached *** piety under Cheibriados
   244 | D        | Noticed a five-headed hydra
   244 | D        | Noticed a slime creature
   244 | D        | Noticed a two-headed ogre
   246 | D        | Banished a two-headed ogre
   246 | D        | Reached skill level 12 in Long Blades
   246 | D        | Reached skill level 5 in Invocations
   246 | D        | Your scales start taking on an icy white colour.
   246 | D        | Reached XP level 7. HP: 66/66 MP: 8/11
   246 | D        | Gained mutation: Your flesh is cold resistant. (rC+) [White Draconian growth]
   250 | D        | Reached **** piety under Cheibriados
   280 | D        | Quit the game

Vault maps used:
D:        linesprint

Skill      XL: |  1  2  3  4  5  6  7 |
---------------+----------------------+-----
Long Blades    | 5 9 10 11 12 | 12.6
Fighting       | 5 7 |  7.8
Dodging        | 4 6 |  6.4
Invocations    | 3 5 6 |  6.2
Stealth        | |  1.7

Action                   |  1- 3 |  4- 6 |  7- 9 || total
-------------------------+-------+-------+-------++-------
Melee: Falchion          |    20 |     8 |       ||    28
       Tailslap          |     5 |     2 |     6 ||    13
       Scimitar          |       |    17 |     9 ||    26
 Abil: Breathe Frost     |       |       |     1 ||     1
  Use: Potion            |     1 |       |       ||     1
Armor: Skin              |     3 |     8 |     1 ||    12
Dodge: Dodged            |    16 |    19 |     5 ||    40
       Rpst.: Falchion   |     4 |     1 |       ||     5
       Scimitar          |       |     3 |     2 ||     5

Table legend:
 A = Spawn XP
 B = Non-spawn XP
 C = Spawn XP percentage of total XP
 D = Spawn monster count
 E = Non-spawn monster count
 F = Spawn count percentage of total count
 G = Total turns spent on level
                    A         B        C        D         E        F      G
               +---------+---------+-------+---------+---------+-------+---------
         Total |       0 |    1071 |   0.0 |       0 |      18 |   0.0 |   280
               +---------+---------+-------+---------+---------+-------+---------
             D |       0 |    1071 |   0.0 |       0 |      18 |   0.0 |   280
               +---------+---------+-------+---------+---------+-------+---------
